Map: Terraform LE (Void)

Players

HeltEn

  • Race: Terran Terran
  • League: Diamond

PsychO - Winner!

  • Race: Zerg Zerg
  • League: Master

Event: Lycan League Weekly August #3

VOD

Have the link to the VOD?

Description

Time

  • Played on: Aug. 17, 2015, 12:09 p.m.
  • Length: 4:02
Show
View Real Time Build Order
Export as new Build Order

HeltEn Terran 

Build Orders: Reaper Expand 

Get SALT Encoding   

  12  0:01  SCV  
  13  0:13  SCV  
  14  0:18  Supply Depot  
  14  0:25  SCV  
  15  0:39  SCV  
  15  0:41  Barracks  
  16  0:45  Refinery  
  16  0:51  SCV  
  17  1:03  SCV  
  18  1:16  SCV  
  19  1:28  Orbital Command  
  19  1:29  Reaper  
  20  1:40  Command Center  
  20  1:47  Supply Depot  
  20  1:54  SCV  
  21  2:01  Barracks Reactor  
  21  2:06  SCV  
  22  2:20  SCV  
  22  2:22  Factory  
  23  2:35  Bunker  
  23  2:40  Marine x2  
  23  2:41  SCV  
  26  2:53  Orbital Command  
  26  2:56  Refinery  
  26  2:58  Marine x2  
  27  3:04  Supply Depot  
  28  3:07  Starport  
  28  3:13  SCV  
  29  3:20  SCV  
  29  3:23  Hellion  
  29  3:24  Hellion, Marine  
  35  3:27  SCV  
  35  3:29  Supply Depot  
  35  3:32  SCV  
  37  3:42  Marine  
Show
View Real Time Build Order
Export as new Build Order

PsychO Zerg - Winner!

Build Orders: Hatch First 

Get SALT Encoding   

  12  0:01  Drone  
  13  0:14  Overlord  
  13  0:19  Drone  
  14  0:32  Drone x2  
  16  0:35  Drone  
  17  0:47  Drone  
  18  0:57  Drone  
  18  1:00  Extractor  
  18  1:03  Hatchery  
  17  1:16  Spawning Pool  
  16  1:19  Drone  
  16  1:22  Drone  
  18  1:29  Drone  
  19  1:39  Overlord  
  19  1:53  Drone  
  20  2:02  Metabolic Boost, Queen  
  22  2:09  Zergling x2  
  23  2:17  Queen  
  23  2:21  Drone  
  26  2:23  Drone  
  26  2:29  Zergling x4  
  29  2:36  Zergling x4  
  31  2:46  Overlord  
  31  2:47  Baneling Nest  
  31  2:49  Zergling x2  
  31  2:58  Zergling x4  
  33  3:05  Zergling x2  
  33  3:11  Zergling x10  
  39  3:19  Overlord  
  39  3:20  Zergling x2  
  39  3:26  Zergling x8  
  44  3:30  Overlord  
  44  3:38  Zergling x2  

Tags
 
Add a new tag
Caveats
  • Supply blocks, unpowered buildings, or Contaminate may cause inaccurate times.
  • Supply counts are checked every 10 seconds.